 Dungeon Crawl Stone Soup version 0.29-a0-308-g4e025c60ea (webtiles) character file.

Game seed: 7747737383182892178

263 Colgate the Sneak (level 6, 0/52 HPs)
             Began as a Naga Artificer on Mar 28, 2022.
             Was a Priest of Ru.
             Slain by a phantom (6 damage)
             ... on level 4 of the Dungeon.
             The game lasted 00:17:59 (3969 turns).

Colgate the Sneak (Naga Artificer)                  Turns: 3969, Time: 00:17:59

Health: 0/52       AC:  5    Str: 15    XL:     6   Next: 19%
Magic:  6/6        EV:  8    Int: 11    God:    Ru [***...]
Gold:   326        SH:  0    Dex: 13    Spells: 5/5 levels left

rFire   . . .      SeeInvis +   b - +0 long sword (freeze)
rCold   + . .      Faith    .   (no shield)
rNeg    + . .      Spirit   .   f - +1 ring mail {rC+}
rPois   +          Reflect  .   (no helmet)
rElec   .          Harm     .   (no cloak)
rCorr   .          Rampage  .   (no gloves)
Will    .....                   (no barding)
Stlth   +++.......              (no amulet)
HPRegen 0.17/turn               p - ring of positive energy
MPRegen 0.10/turn               (no ring)

@: very slow
A: AC +2, large, see invisible, deformed body, poison resistance, slowness 2,
spit poison 1, inability to use devices, unskilled 1, naga tail 1
a: Spit Poison, Renounce Religion, Draw Out Power


You were on level 4 of the Dungeon.
You worshipped Ru.
Ru was most pleased with you.
You visited 1 branch of the dungeon, and saw 4 of its levels.
You also visited: Ossuary.

You collected 326 gold pieces.

Inventory:

Hand Weapons
 a - a +0 short sword of draining
 b - a +0 long sword of freezing (weapon)
 c - a +1 dagger of draining
 e - a +0 war axe
Armour
 f - a +1 ring mail of cold resistance (worn)
Jewellery
 p - a ring of positive energy (left hand)
 v - a ring of ice
Scrolls
 d - a scroll of fear {unknown}
 k - 3 scrolls of immolation
 m - a scroll of noise
 n - a scroll of amnesia
 o - a scroll of acquirement {unknown}
 u - 3 scrolls of teleportation {@r3}
 y - 2 scrolls of magic mapping {@r5}
 A - a scroll of blinking {@r4}
Potions
 g - 2 potions of mutation
 h - 4 potions of lignification
 i - 4 potions of might {@q3}
 j - 3 potions of brilliance {unknown}
 l - 2 potions of degeneration
 q - 4 potions of ambrosia
 r - 4 potions of attraction
 s - a potion of invisibility {unknown}
 t - 2 potions of curing {unknown}
 x - a potion of cancellation {unknown}
 z - a potion of flight {unknown}


   Skills:
 - Level 2.0 Fighting
 - Level 1.3 Armour
 - Level 0.6 Dodging
 + Level 6.6 Stealth


You had 5 spell levels left.
You didn't know any spells.
Your spell library contained the following spells:

 Spells                   Type           Power      Damage    Failure   Level
 Dazzling Flash           Conj/Hex       0%         N/A       90%         3
 Agony                    Necr           0%         N/A       100%        5
 Silence                  Hex/Air        0%         N/A       100%        5
 Dispersal                Tloc           0%         N/A       100%        6
 Disjunction              Tloc           0%         N/A       100%        8


Dungeon Overview and Level Annotations

Branches:
Dungeon (4/15)            Ossuary (visited)
 Temple: D:4-7

Altars:
Cheibriados
Ru
Trog
Vehumet

Shops:
D:2 [


Innate Abilities, Weirdness & Mutations

Your serpentine skin is tough. (AC +2)
You have supernaturally acute eyesight. (SInv)
Armour fits poorly on your strangely shaped body.
Your system is resistant to poisons. (rPois)
You cover ground very slowly.
You can spit poison.
You cannot study or use magical devices.
You are somewhat unskilled. (-1 Apt)
You have a snake-like lower body.


Message History

You are too injured to fight recklessly!
You are too injured to fight recklessly!
You closely miss the phantom.
The phantom hits you but does no damage.
You barely miss the phantom.
The phantom hits you. x2; The phantom blinks!
You blink.
You barely miss the phantom. The phantom hits you.
The phantom blinks!
You blink.
You hit the phantom but do no damage. The phantom hits you.
The phantom blinks!
You blink.
The phantom hits you but does no damage.
You barely miss the phantom. The phantom hits you.
* * * LOW HITPOINT WARNING * * *
The phantom blinks!
You blink.
You focus your inner power and blind the phantom in retribution!
You hit the phantom. The phantom hits you.
* * * LOW HITPOINT WARNING * * *
The phantom blinks!
You blink.
You closely miss the phantom.
The phantom is no longer blind.
The phantom hits you.
* * * LOW HITPOINT WARNING * * *
The phantom blinks!
You blink.
The phantom hits you but does no damage.
You miss the phantom. The phantom hits you.
* * * LOW HITPOINT WARNING * * *
You closely miss the phantom. The phantom closely misses you.
The phantom barely misses you.
You slash the phantom!
The phantom hits you but does no damage.
You closely miss the phantom. The phantom closely misses you.
You hit the phantom but do no damage. The phantom barely misses you. x2
You hit the phantom. The phantom hits you.
* * * LOW HITPOINT WARNING * * *
You miss the phantom. Your punch misses the phantom.
The phantom hits you but does no damage.
The phantom hits you.
You die...

...###..§§....#
...........§..#
#######...##..#
####**##..##>.##
.....###..##...#*
***#).........#.##
,**####.#..##....## ,,,*
*#.#.........#
**,**#...#.##...@## ******
*,,,#.###.#.#..W## **,,,,***
,,,...* *.......# **,,,,,,,*
,,...,***..###..#* **,,,,***,*
.....,,,,#.#,#..,***,,,,,*,*,*
....,,*,**,#*.##,,,,,,,**,**,*
....*,*,**,,.#,*,,,*,,,*,*,,,*
#*<**,,,,,,,.**,**,,,**,**,,**
******,,**,,,,*,*,,,*,*,,,,,*


You could see a phantom.

Vanquished Creatures
  A hound (D:4)
  8 mummies
  5 adders
  A worm (D:3)
  2 dart slugs (D:2)
  5 endoplasms
  3 giant cockroaches
  6 goblins
  5 hobgoblins
  7 jackals
  6 kobolds
  3 quokkas
  8 ball pythons
  5 bats
  3 frilled lizards
  A gnoll zombie (Ossuary)
  2 hobgoblin zombies (Ossuary)
  4 kobold zombies
  2 orc zombies
  5 rats
82 creatures vanquished.

Vanquished Creatures (collateral kills)
  A mummy (Ossuary)
  A hobgoblin zombie (Ossuary)
2 creatures vanquished.

Grand Total: 84 creatures vanquished

Notes
Turn   | Place    | Note
-------+----------+-------------------------------------------
     0 | D:1      | Colgate the Naga Artificer began the quest for the Orb.
     0 | D:1      | Reached XP level 1. HP: 18/18 MP: 1/1
    65 | D:1      | Reached skill level 2 in Stealth
   129 | D:1      | Reached skill level 3 in Stealth
   129 | D:1      | Reached XP level 2. HP: 25/25 MP: 2/2
   328 | D:1      | Reached skill level 4 in Stealth
   467 | D:1      | Found a faded altar of an unknown god.
   474 | D:1      | Prayed at the altar of an unknown god.
   474 | D:1      | Became a worshipper of Ru the Awakened
   484 | D:1      | Gained mutation: You are somewhat unskilled. (-1 Apt) [Ru
                  | sacrifice]
   484 | D:1      | Reached * piety under Ru
   762 | D:2      | Reached XP level 3. HP: 16/30 MP: 3/3
  1194 | D:2      | Found Zazen's Antique Armour Boutique.
  1346 | D:2      | Reached skill level 5 in Stealth
  1509 | D:2      | You fall into a shaft and drop 2 floors!
  1649 | D:4      | Found a sand-covered staircase.
  1663 | D:4      | Reached XP level 4. HP: 7/37 MP: 4/4
  1906 | Ossuary  | Entered an ossuary
  2014 | Ossuary  | Reached XP level 5. HP: 43/43 MP: 5/5
  2025 | Ossuary  | Reached skill level 1 in Fighting
  2421 | D:4      | Found a snail-covered altar of Cheibriados.
  2771 | D:3      | Gained mutation: You cannot study or use magical devices.
                  | [Ru sacrifice]
  2771 | D:3      | Reached ** piety under Ru
  2771 | D:3      | Reached *** piety under Ru
  2842 | D:3      | Found a bloodstained altar of Trog.
  2844 | D:3      | Found a radiant altar of Vehumet.
  3556 | D:3      | Reached skill level 6 in Stealth
  3556 | D:3      | Reached XP level 6. HP: 48/52 MP: 6/6
  3969 | D:4      | Slain by a phantom

Illustrated notes

Levels and vault maps discovered:
D:1:      psy_arrival_whirlpool, layout_rooms,
          hellmonk_ecumenical_altar_blasted, minmay_hedge_maze
D:2:      layout_loops_ring, serial_shops, shop_fountains
D:3:      layout_basic, grunt_temple_overflow_open, grunt_decor_mini_mirrors
D:4:      layout_loops_ring, lemuel_tele_altar, nicolae_ossuary_entry_giza,
          minmay_vboxes

Skill      XL: |  1  2  3  4  5 |
---------------+----------------+-----
Stealth        | 3 4 5 6 |  6.6
Fighting       | 0 2 |  2.0
Evocations     | 2 3 4 0 |  0.0
Armour         | |  1.3
Dodging        | |  0.6

Action                   |  1- 3 |  4- 6 || total
-------------------------+-------+-------++-------
Melee: Dagger            |    25 |       ||    25
       Long sword        |    36 |    92 ||   128
       Short sword       |       |    11 ||    11
       Punch             |       |     1 ||     1
Invok: Sacrifice Skill   |     1 |       ||     1
       Sacrifice Artific |       |     1 ||     1
 Abil: Spit Poison       |    46 |    33 ||    79
Evoke: Wand              |       |    14 ||    14
  Use: Scroll            |     9 |     5 ||    14
 Stab: Sleeping          |     1 |     2 ||     3
       Distracted        |       |     1 ||     1
Armor: Ring mail         |    31 |    37 ||    68
Dodge: Dodged            |    37 |    46 ||    83

Table legend: (Time is in decaauts)
 A = Elapsed time spent in this place.
 B = Non-inter-level travel time spent in this place.
 C = Inter-level travel time spent in this place.
 D = Time resting spent in this place.
 E = Time spent auto-exploring this place.
 F = Levels seen in this place.
 G = Mean time per level.
                   A        B        C        D        E       F      G
               +--------+--------+--------+--------+--------+-----+--------+
         Total |   5020 |   4750 |    270 |    601 |   3181 |   5 | 1004.0 |
       Dungeon |   4527 |   4257 |    270 |    598 |   2884 |   4 | 1131.8 |
       Ossuary |    493 |    493 |      0 |      3 |    296 |   1 |  493.0 |
               +--------+--------+--------+--------+--------+-----+--------+

Top non-repeatable levels by time:
     D:3: 1406 daAuts
     D:2: 1308 daAuts
     D:1: 964 daAuts
     D:4: 847 daAuts
 Ossuary: 493 daAuts
